 Dungeon Crawl Stone Soup version 0.19-a0-1021-g80cc50c (webtiles) character file.

193 Deemzul the Slasher (level 5, -1/37 HPs)
             Began as an Octopode Monk on July 27, 2016.
             Killed from afar by an orc wizard (7 damage)
             ... with a magic dart
             ... on level 3 of the Dungeon.
             The game lasted 00:02:05 (1811 turns).

Deemzul the Slasher (Octopode Monk)                 Turns: 1811, Time: 00:02:06

Health: -1/37      AC:  1    Str: 10    XL:     5   Next: 72%
Magic:  5/5        EV: 14    Int: 12    God:
Gold:   41         SH:  0    Dex: 16    Spells: 0 memorised, 4 levels left

rFire  . . .     SeeInvis .     a - +0 falchion
rCold  . . .     Gourm    .     (no shield)
rNeg   . . .     Faith    .     (helmet restricted)
rPois  .         Spirit   .     (no amulet)
rElec  .         Dismiss  .     (no ring)
rCorr  .         Reflect  .     (no ring)
SustAt .         Harm     .     (no ring)
MR     .....                    (no ring)
Stlth  +++.......               (no ring)
                                (no ring)
                                (no ring)
                                (no ring)

@: not resistant to hostile enchantments, fairly stealthy
A: almost no armour, amphibious, 8 rings, constrict 8, camouflage 1, gelatinous
body 1
a: no special abilities


You were on level 3 of the Dungeon.
You were not hungry.

You visited 1 branch of the dungeon, and saw 3 of its levels.

You collected 41 gold pieces.

Inventory:

Hand Weapons
 a - a +0 falchion (weapon)
Missiles
 o - 4 curare-tipped needles
Scrolls
 c - 2 scrolls of blinking {unknown}
 d - a scroll of enchant armour {unknown}
 e - a scroll of identify {unknown}
 g - a scroll of noise {unknown}
 j - a scroll of fog {unknown}
 m - a scroll of magic mapping {unknown}
Potions
 f - 2 potions of curing {unknown}
 h - a potion of heal wounds {unknown}
 i - a potion of lignification {unknown}
 k - a potion of agility {unknown}
 l - 3 potions of flight {unknown}
Comestibles
 b - a bread ration


   Skills:
 + Level 4.2 Fighting
 * Level 4.8 Long Blades
 + Level 3.8 Dodging
 - Level 2.6 Stealth


You had 4 spell levels left.
You didn't know any spells.

Dungeon Overview and Level Annotations

Branches:
Dungeon (3/15)

Altars:
Ru


Innate Abilities, Weirdness & Mutations

You cannot wear most types of armour.
You are amphibious.
You can wear up to eight rings at the same time.
You can use your tentacles to constrict eight enemies at once.
Your skin changes colour to match your surroundings (Stealth+).
Your rubbery body absorbs attacks. (AC +1)


Message History

You kill the hobgoblin!
You hear some strange, mumbled words.
A puff of flame appears from out of thin air!
The puff of flame hits you!
You hit something. Something hits you.
You hit something. Your squeeze misses something. Something hits you. x2
You hit something but do no damage.
You hear some strange, mumbled words.
A puff of flame appears from out of thin air!
The puff of flame misses you.
You hit something. Your squeeze misses something. Something hits you. x2
* * * LOW HITPOINT WARNING * * *
Unknown command.
Okay, then.
Something hits you.
* * * LOW HITPOINT WARNING * * *
You hear some strange, mumbled words.
A magic dart appears from out of thin air!
The magic dart hits you!
You die...

#...# ...## .... #..# #))#
##..# #...# #..## ####### #@##
.(....# #<# #####.# #.# #.#
#.# #.# #.#
#.##########.######
#.................########
################.##.#........#
#...........####.##...######.#


There were no monsters in sight!

Vanquished Creatures
  Jessica (D:2)
  Ijyb (D:2)
  6 adders
  3 worms (D:2)
  3 dart slugs (D:1)
  3 giant geckos (D:1)
  3 orcs (D:3)
  7 giant cockroaches
  5 goblins
  10 hobgoblins
  2 jackals (D:2)
  7 kobolds
  A quokka (D:2)
  5 bats
  4 giant newts
  9 rats
70 creatures vanquished.

Notes
Turn   | Place    | Note
-------+----------+-------------------------------------------
     0 | D:1      | Deemzul the Octopode Monk began the quest for the Orb.
     0 | D:1      | Reached XP level 1. HP: 16/16 MP: 1/1
   147 | D:1      | Reached XP level 2. HP: 21/21 MP: 2/2
   153 | D:1      | You fall through a shaft!
   214 | D:2      | Reached XP level 3. HP: 26/26 MP: 3/3
   275 | D:2      | Noticed Ijyb
   466 | D:2      | Killed Ijyb
   466 | D:2      | Reached XP level 4. HP: 32/32 MP: 4/4
   632 | D:2      | Noticed Jessica
   646 | D:2      | Killed Jessica
   693 | D:1      | Reached XP level 5. HP: 22/37 MP: 5/5
  1499 | D:3      | Found a sacrificial altar of Ru.
  1811 | D:3      | Killed from afar by an orc wizard

Vault maps used:
D:1:      dpeg_arrival_shrine
D:2:      hangedman_decor_lopped, roderic_greek_sauvastika,
          minmay_small_reverse_x, uniq_jessica, uniq_iyjb
D:3:      marbit_many_paths, first_bread

Skill      XL: |  1  2  3  4  5 |
---------------+----------------+-----
Long Blades    | 4 |  4.8
Fighting       | 4 |  4.2
Dodging        | |  3.8
Stealth        | |  2.6

Action                   |  1- 3 |  4- 6 || total
-------------------------+-------+-------++-------
Melee: Falchion          |    38 |   132 ||   170
       Constrict         |    12 |    35 ||    47
       Tentacles         |     4 |    22 ||    26
 Stab: Sleeping          |     6 |    16 ||    22
  Eat: Chunk             |       |     3 ||     3
Armor: Skin              |       |     6 ||     6
Dodge: Dodged            |    17 |    58 ||    75
